 Dungeon Crawl Stone Soup version 0.18-a0-1468-gaf180a1 (webtiles) character file.

525 namelastname112 the Martial Artist (level 7, 45/57 HPs)
             Began as a Mottled Draconian Monk on Mar 1, 2016.
             Quit the game on level 5 of the Dungeon.
             The game lasted 00:08:10 (4904 turns).

namelastname112 the Martial Artist (DrMo)           Turns: 4904, Time: 00:08:10

Health: 45/57      AC:  6    Str: 13    XL:     7   Next: 2%
Magic:  7/7        EV: 13    Int: 10    God:
Gold:   162        SH:  0    Dex: 16    Spells: 0 memorised, 6 levels left

rFire  . . .     SeeInvis .       - Unarmed
rCold  . . .     Gourm    .     (armour unavailable)
rNeg   . . .     Faith    .     (no shield)
rPois  .         Spirit   .     (helmet restricted)
rElec  .         Dismiss  .     (no cloak)
rCorr  +         Reflect  .     (no gloves)
SustAt .         Harm     .     (no boots)
MR     .....                    (no amulet)
Stlth  ++........               (no ring)
                                h - ring of resist corrosion

@: not resistant to hostile enchantments, unstealthy
A: breathe sticky flame splash, unfitting armour, cold-blooded, AC +6
a: Breathe Sticky Flame


You were on level 5 of the Dungeon.
You were not hungry.

You visited 1 branch of the dungeon, and saw 5 of its levels.
You also visited: Ossuary.

You collected 162 gold pieces.

Inventory:

Jewellery
 h - a ring of resist corrosion (left hand)
Wands
 s - a wand of teleportation (2/9)
Scrolls
 b - 4 scrolls of random uselessness {unknown}
 c - a scroll of teleportation {unknown}
 d - a scroll of enchant weapon
 f - 4 scrolls of remove curse
 j - 3 scrolls of enchant armour {unknown}
 k - a scroll of immolation
 m - a scroll of amnesia {unknown}
 p - 2 scrolls of fog
Potions
 e - a potion of ambrosia
 g - a potion of flight
 i - 2 potions of berserk rage {unknown}
 n - 2 potions of might {unknown}
 o - a potion of cancellation
 q - 7 potions of degeneration {unknown}
 r - 2 potions of haste {unknown}
 t - 3 potions of heal wounds {unknown}
 x - a potion of invisibility {unknown}
 z - 2 potions of mutation {unknown}
Books
 u - a book of Envenomations

   Spells                             Type                      Level
   a - Spider Form                    Transmutation/Poison         3
   b - Olgreb's Toxic Radiance        Poison                       4
   c - Alistair's Intoxication        Transmutation/Poison         5
   d - Poisonous Cloud                Conjuration/Poison/Air       6
 y - a book of Fire

   Spells                             Type                      Level
   a - Ignite Poison                  Fire/Transmutation/Poison    3
   b - Fireball                       Conjuration/Fire             5
   c - Bolt of Fire                   Conjuration/Fire             6
   d - Delayed Fireball               Conjuration/Fire             7
   e - Ring of Flames                 Charms/Fire                  7
Comestibles
 a - a bread ration
 l - 4 beef jerkies
 v - 3 fruits
 w - a royal jelly


   Skills:
 - Level 3.2 Fighting
 - Level 2.6 Dodging
 - Level 1.7 Stealth
 + Level 8.5 Unarmed Combat


You had 6 spell levels left.
You didn't know any spells.

Dungeon Overview and Level Annotations

Branches:
Dungeon (5/15)
 Temple: D:4-7

Altars:
Gozag


Innate Abilities, Weirdness & Mutations

You can spit globs of burning liquid.
You can ignite nearby creatures when you spit burning liquid.
Your weird mottled scales are hard (AC +6).
Your body does not fit into most forms of armour.
You are cold-blooded and may be slowed by cold attacks.


Message History

You hit the adder.
The adder is almost dead.
The adder misses you.
The giant frog zombie hits you but does no damage.
You hit the adder but do no damage. You tail-slap the adder.
You kill the adder!
The giant frog zombie hits you but does no damage.
You closely miss the giant frog zombie.
The giant frog zombie hits you but does no damage.
You hit the giant frog zombie but do no damage.
The giant frog zombie hits you.
You barely miss the giant frog zombie.
The giant frog zombie barely misses you.
You punch the giant frog zombie!
You destroy the giant frog zombie!
You have reached level 7!
Your scales start taking on a weird mottled colour.
You learn Fire Magic quicker.
You can spit globs of burning liquid.
You can ignite nearby creatures when you spit burning liquid.
Are you sure you want to abandon this character and quit the game? (Confirm with "yes".)

**,**,*,*,,***,#.#.############.#
**,***,,,*,* #.#.#.# #.#
,,,****,**,###.#.#<# #.#
,,,,,,*,**,#.#.#...# ########.#
****,,,,**,,#..#.#######.........
,,,,,*,,**,**#..............###.#
,,**,,,*,*,,#.#..###........# ###
*,*,,,,,,,,..*#..# #..#####.#
*,*,,,,,,,<#**#.@# #..#...#.#
*,*,,,,,,........# #..#...#.#
*,*,,,,,,.#####..# ##.#...#.#
,,,,,,,,,,,,,,?..# #[##'##.#
,,*,,,,,,,***###.# #.......# ***
***,,,,,,,* *,..# ####..#.#**,* *
****,**** *,### #....#*,,, * *,*
*,* #.......,, * *,* *,*
###.##..,,


There were no monsters in sight!

Vanquished Creatures
  A phantom (D:4)
  A giant frog zombie (D:5)
  2 human zombies (Ossuary)
  An orc wizard (D:4)
  2 worker ants (D:4)
  A hound skeleton (D:4)
  4 mummies (Ossuary)
  A gnoll (D:2)
  12 adders
  A shadow imp (D:5)
  2 dart slugs
  4 orcs
  4 bats
  3 giant cockroaches
  3 gnoll zombies (Ossuary)
  14 goblins
  9 hobgoblins
  3 jackals (D:2)
  A quokka (D:2)
  5 ball pythons
  9 giant newts
  A goblin zombie (Ossuary)
  2 hobgoblin zombies (Ossuary)
  A jackal skeleton (D:4)
  10 kobolds
  6 rats
103 creatures vanquished.

Notes
Turn   | Place    | Note
--------------------------------------------------------------
     0 | D:1      | namelastname112 the Draconian Monk began the quest for the Orb.
     0 | D:1      | Reached XP level 1. HP: 19/19 MP: 1/1
   217 | D:1      | Reached XP level 2. HP: 21/26 MP: 2/2
   911 | D:2      | Reached skill level 5 in Unarmed Combat
   911 | D:2      | Reached XP level 3. HP: 28/31 MP: 3/3
  1558 | D:2      | Reached XP level 4. HP: 38/38 MP: 4/4
  1931 | D:2      | Reached skill level 6 in Unarmed Combat
  2565 | D:3      | Found an opulent altar of Gozag.
  2729 | D:3      | Reached XP level 5. HP: 45/45 MP: 5/5
  3354 | D:4      | Noticed a phantom
  3361 | D:4      | Reached skill level 7 in Unarmed Combat
  3735 | D:4      | Killed a phantom
  3735 | D:4      | Reached XP level 6. HP: 13/51 MP: 6/6
  4194 | D:5      | Entered Level 5 of the Dungeon
  4237 | D:5      | Found a sand-covered staircase.
  4298 | Ossuary  | Entered an ossuary
  4374 | Ossuary  | Reached skill level 8 in Unarmed Combat
  4903 | D:5      | Your scales start taking on a weird mottled colour.
  4903 | D:5      | Reached XP level 7. HP: 45/57 MP: 7/7
  4904 | D:5      | Quit the game

Vault maps used:
D:1:      dpeg_arrival_line_fractal
D:2:      minmay_door_path
D:3:      kennysheep_the_goblin_king, lemuel_doored_altar,
          minmay_shallow_snake_nest
D:4:      serial_shops, nicolae_shop_behind_doors
D:5:      enter_ossuary_2, first_bread, uniq_eustachio, uniq_pikel
Ossuary:  ossuary_crypta

Skill      XL: |  1  2  3  4  5  6 |
---------------+-------------------+-----
Unarmed Combat | 5 6 7 8 |  8.5
Fighting       | |  3.2
Dodging        | |  2.6
Stealth        | |  1.7

Action                   |  1- 3 |  4- 6 |  7- 9 || total
-------------------------+-------+-------+-------++-------
Melee: Unarmed           |   121 |   301 |       ||   422
  Use: Scroll            |       |    13 |       ||    13
       Potion            |       |     3 |       ||     3
 Stab: Sleeping          |     2 |     4 |       ||     6
       Distracted        |       |     1 |       ||     1
  Eat: Chunk             |     2 |     8 |       ||    10
       Meat ration       |       |     1 |       ||     1
